 Dungeon Crawl Stone Soup version 0.29.0-7-g18a832c13a (webtiles) character file.

Game seed: 16121578591342512882

150 SnakkuSnakku7 the Cudgeller (level 5, -5/40 HPs)
             Began as a Djinni Chaos Knight on Aug 31, 2022.
             Was a Plaything of Xom.
             Slain by Crazy Yiuf
             ... wielding a +3 quarterstaff of chaos
              (8 damage)
             ... on level 3 of the Dungeon.
             The game lasted 00:03:31 (2957 turns).

SnakkuSnakku7 the Cudgeller (Djinni Chaos Knight)   Turns: 2957, Time: 00:03:31

Health: -5/40      AC:  6    Str: 13    XL:     5   Next: 58%
Gold:   186        EV: 12    Int: 19    God:    Xom [..*...] SH:  0 Dex: 13

rFire   + + .      SeeInvis .   a - +3 hand axe
rCold   x . .      Faith    .   (no shield)
rNeg    . . .      Spirit   .   b - +2 leather armour
rPois   ∞          Reflect  .   (no helmet)
rElec   .          Harm     .   g - +0 cloak
rCorr   .          Rampage  .   (no gloves)
Will    .....                   (boots unavailable)
Stlth   +.........              (no amulet)
HPRegen 0.13/turn               d - +6 ring of intelligence
MPRegen 0.00/turn               (no ring)

@: flying
A: sickness immunity, fire resistance 2, cold vulnerability 1, float, innate
caster, HP casting, extra vitality 1
a: Renounce Religion


You were on level 3 of the Dungeon.
You worshipped Xom.
You were a toy of Xom.
You visited 1 branch of the dungeon, and saw 3 of its levels.

You collected 186 gold pieces.

Inventory:

Hand Weapons
 a - a +3 hand axe (weapon)
 B - a +0 mace of chaos
Armour
 b - a +2 leather armour (worn)
 g - a +0 cloak (worn)
 z - a +0 plate armour
Jewellery
 d - a +6 ring of intelligence (left hand)
 p - a ring of wizardry
 s - a ring of fire
 w - an amulet of the acrobat
Wands
 y - a wand of roots (11)
Scrolls
 f - 2 scrolls of teleportation {unknown}
 j - 3 scrolls of magic mapping {unknown}
 k - a scroll of immolation {unknown}
 l - 4 scrolls of vulnerability {unknown}
 m - a scroll of noise {unknown}
 n - a scroll of summoning {unknown}
 o - 2 scrolls of identify {unknown}
 q - 3 scrolls of poison {unknown}
 t - a scroll of blinking {unknown}
 v - a scroll of enchant armour {unknown}
 x - a scroll of fear {unknown}
 A - a scroll of torment {unknown}
 D - a scroll of amnesia {unknown}
Potions
 e - a potion of berserk rage {unknown}
 h - a potion of lignification {unknown}
 i - 4 potions of heal wounds {unknown}
 r - a potion of flight {unknown}
 u - a potion of attraction {unknown}
 C - a potion of invisibility {unknown}
Miscellaneous
 c - a piece from Xom's chessboard (14/15) (quivered)


   Skills:
 - Level 3.0 Fighting
 + Level 4.8 Maces & Flails
 - Level 1.0 Armour
 - Level 2.1 Dodging


You had one spell level left.
You knew the following spells:

 Your Spells              Type           Power      Damage    Failure   Level
a - Shock                 Conj/Air       0%         1d3       26%         1
b - Scorch                Fire           0%         2d5       36%         2
Your spell library was empty.

Dungeon Overview and Level Annotations

Branches:
Dungeon (3/15)

Altars:
Cheibriados

Annotations:
D:2 Sigmund
D:3 Crazy Yiuf


Innate Abilities, Weirdness & Mutations

You are immune to sickness and miasma.
You are immune to poison.
Your flesh is very heat resistant. (rF++)
You are vulnerable to cold. (rC-)
You float through the air rather than walking.
You learn spells naturally, not from books.
Your magical power is your life essence.
You have superior vitality. (+4 MHP)


Message History

There are monsters nearby!
You closely miss the bat. The bat completely misses you.
The bat closely misses you.
You hit the bat.
You kill the bat!
You barely miss the orc. The orc hits you but does no damage.
You closely miss the orc. The orc hits you but does no damage.
You hit the orc.
The orc is lightly wounded.
The orc closely misses you. The orc hits you with a +0 whip.
You hit the orc.
The orc is almost dead.
The orc barely misses you.
You hit the orc.
You kill the orc!
No target in view!
Things that are here:
a +0 whip; a +0 leather armour; an orc corpse Crazy Yiuf shouts!
Crazy Yiuf says, "Ten mobile King!"
Crazy Yiuf waves his quarterstaff at you.
Could not explore, unopened runed door.
You reach down and open the door.
You make a move on Xom's chessboard...
Crazy Yiuf flickers and vanishes!
Deactivating autopickup; reactivate with Ctrl-A.
Something hits you!
Unknown command.
Aiming: Fastroot
Press: ? - help, Shift-Dir - straight line, f - you The roots erupt in riotous growth!
Something hits you!
You are electrocuted!
* * * LOW HITPOINT WARNING * * *
There is a strange disturbance nearby!
Unknown command.
Unknown command.
Something hits you!
* * * LOW HITPOINT WARNING * * *
Aiming: Fastroot
Press: ? - help, Shift-Dir - straight line, f - you The roots erupt in riotous growth!
Something hits you!
You die...

####..>. ##.#. #.#. #.#.
### ♣♣#### #... #)..#♣♣
♣♣.#..#######...
#...'.♣♣♣♣.♣....#........
#...#♣.{♣.......#.#####>.
### ♣♣♣@♣..#.....# #....
♣♣♣♣♣####### #.#.. #.#..
### #.##. #.#### #....
#....# ####. ####.# #.
#.# #. #.###### ####.


There were no monsters in sight!

Vanquished Creatures
  A hound (D:3)
  Terence (D:2)
  2 adders
  2 worms
  2 orcs (D:3)
  7 bats
  7 endoplasms
  4 giant cockroaches (D:1)
  3 goblins
  8 hobgoblins
  8 jackals
  3 quokkas
  7 ball pythons
  5 frilled lizards
  3 kobolds
  3 rats
66 creatures vanquished.

Vanquished Creatures (others)
  A kobold zombie (D:2)
1 creature vanquished.

Grand Total: 67 creatures vanquished

Notes
Turn   | Place    | Note
-------+----------+-------------------------------------------
     0 | D:1      | SnakkuSnakku7 the Djinni Chaos Knight began the quest for
                  | the Orb.
     0 | D:1      | Reached XP level 1. HP: 20/20 MP: 0/0
     1 | D:1      | Found a runed translucent door.
   128 | D:1      | XOM: silly message
   222 | D:1      | XOM: potion effect (berserk rage)
   379 | D:1      | Reached XP level 2. HP: 25/25 MP: 0/0
   432 | D:1      | Reached skill level 3 in Maces & Flails
   600 | D:1      | Reached XP level 3. HP: 15/30 MP: 0/0
   600 | D:1      | Learned a level 1 spell: Shock
   889 | D:1      | XOM: silly message
   965 | D:2      | Noticed Terence
   975 | D:2      | XOM: silly message
  1351 | D:2      | Reached XP level 4. HP: 27/35 MP: 0/0
  1396 | D:2      | Reached skill level 4 in Maces & Flails
  1484 | D:2      | Found a snail-covered altar of Cheibriados.
  1493 | D:2      | Noticed Sigmund
  1497 | D:2      | XOM: smoke on damage
  1806 | D:2      | Killed Terence
  2119 | D:3      | XOM: 1-stop teleportation journey
  2325 | D:3      | Reached XP level 5. HP: 38/40 MP: 0/0
  2325 | D:3      | Learned a level 2 spell: Scorch
  2370 | D:3      | XOM: god gift: 12 gold pieces
  2754 | D:3      | Found a faded altar of an unknown god.
  2835 | D:3      | Found a runed translucent door.
  2836 | D:3      | Noticed Crazy Yiuf
  2957 | D:3      | Slain by Crazy Yiuf

Illustrated notes

Levels and vault maps discovered:
D:1:      dpeg_arrival_caged_fury, layout_loops_cross
D:2:      layout_basic, basic_altar, uniq_terence, uniq_sigmund
D:3:      layout_loops_ring, chequers_ecumenical_altar_lobes, minmay_mini_jars,
          uniq_crazy_yiuf_cottage

Skill      XL: |  1  2  3  4 |
---------------+-------------+-----
Maces & Flails | 3 4 |  4.8
Fighting       | |  3.0
Armour         | |  1.0
Dodging        | |  2.1

Action                   |  1- 3 |  4- 6 || total
-------------------------+-------+-------++-------
Melee: Mace              |    95 |    56 ||   151
       Hand axe          |       |    32 ||    32
Evoke: Piece from Xom's  |       |     2 ||     2
       Wand              |       |     2 ||     2
Armor: Leather armour    |    62 |    46 ||   108
Dodge: Dodged            |    64 |    73 ||   137
